[ AOE2 MATCH · #505141942 ]
UnrankedJapanese vs Cumans
Player's team · LOSS
Rival team · WIN
[ REPLAY ANALYSIS · EXTRACTED FROM THE RECORDED GAME ]
Feudal
10:30
Castle
20:39
Imperial
—
| APM avg | 82.6 |
| APM peak | 123 |
| eAPM avg | 31.4 |
| Villagers / military | 125 / 66 |
Focus
⚔️ 29.6% · 🌾 70.4%
Knight ×26 · Cavalry Archer ×25 · Skirmisher ×7 · Monk ×4 · Militia ×3 · Spearman ×1
Feudal
9:25
Castle
21:42
Imperial
33:38
| APM avg | 75.2 |
| APM peak | 101 |
| eAPM avg | 33.3 |
| Villagers / military | 170 / 81 |
Focus
⚔️ 28.4% · 🌾 71.6%
Kipchak ×50 · Skirmisher ×14 · Camel Scout ×10 · Scout Cavalry ×4 · Spearman ×3 · Trade Cart ×1
Match map
Initial resources + every placement click. Lines = walls · curves = elevation contours. ◆ gold · ⬟ stone · ● berries · ✦ relic · ◌ wall gap
Your base· Open — unwalled flank
Orhan's base· Open — 7t gap
Smoothed initial terrain · ◌ = detected wall gap · hover for details
Inputs per minute
— Gil-galad - - Orhan
Build order — Gil-galad
First 150 of 325 actions detected
| 0:00 | Create | Villager (Male) |
| 0:00 | Create | Villager (Male) |
| 0:01 | Create | Villager (Male) |
| 0:02 | Build | House |
| 0:02 | Build | House |
| 0:45 | Create | Villager (Male) |
| 0:45 | Create | Villager (Male) |
| 1:28 | Create | Villager (Male) |
| 1:28 | Create | Villager (Male) |
| 1:47 | Build | Lumber Camp |
| 2:00 | Create | Villager (Male) |
| 2:21 | Create | Villager (Male) |
| 2:46 | Create | Villager (Male) |
| 2:46 | Create | Villager (Male) |
| 3:10 | Create | Villager (Male) |
| 3:11 | Create | Villager (Male) |
| 3:25 | Build | House |
| 3:43 | Create | Villager (Male) |
| 4:01 | Build | Barracks |
| 4:06 | Create | Villager (Male) |
| 4:06 | Create | Villager (Male) |
| 4:25 | Create | Villager (Male) |
| 4:25 | Create | Villager (Male) |
| 4:30 | Create | Villager (Male) |
| 4:36 | Build | House |
| 4:54 | Create | Militia |
| 5:11 | Create | Villager (Male) |
| 5:15 | Create | Militia |
| 5:38 | Create | Militia |
| 5:43 | Create | Villager (Male) |
| 5:45 | Build | Mill |
| 5:56 | Create | Villager (Male) |
| 6:19 | Create | Villager (Male) |
| 6:23 | Build | House |
| 6:43 | Create | Villager (Male) |
| 6:52 | Build | Farm |
| 7:30 | Research | Loom |
| 7:55 | Create | Villager (Male) |
| 8:20 | Research | Feudal Age |
| 8:21 | Research | Feudal Age |
| 8:31 | Build | Lumber Camp |
| 8:52 | Build | Mining Camp |
| 9:13 | Create | Villager (Male) |
| 9:17 | Build | Palisade Wall |
| 9:42 | Build | House |
| 10:30 | Age | Feudal Age |
| 10:51 | Build | House |
| 10:53 | Research | Double-Bit Axe |
| 10:56 | Research | Man-at-Arms (upgrade) |
| 10:58 | Create | Villager (Male) |
| 11:03 | Build | Archery Range |
| 11:05 | Research | Horse Collar |
| 11:07 | Create | Villager (Male) |
| 11:10 | Build | Farm |
| 11:28 | Create | Spearman |
| 11:43 | Create | Villager (Male) |
| 11:46 | Build | Blacksmith |
| 11:58 | Build | House |
| 12:03 | Create | Skirmisher |
| 12:16 | Create | Villager (Male) |
| 12:24 | Create | Skirmisher |
| 12:33 | Build | Farm |
| 12:35 | Build | Farm |
| 12:39 | Research | Fletching |
| 12:39 | Create | Villager (Male) |
| 12:41 | Create | Skirmisher |
| 12:47 | Create | Villager (Male) |
| 12:49 | Build | Farm |
| 13:06 | Build | Farm |
| 13:07 | Build | Farm |
| 13:27 | Build | Farm |
| 13:27 | Create | Villager (Male) |
| 13:28 | Create | Villager (Male) |
| 13:28 | Create | Villager (Male) |
| 13:53 | Create | Villager (Male) |
| 14:10 | Create | Skirmisher |
| 14:20 | Build | Farm |
| 14:21 | Build | Farm |
| 14:24 | Build | Farm |
| 14:24 | Create | Villager (Male) |
| 14:25 | Build | Farm |
| 14:30 | Create | Skirmisher |
| 14:35 | Build | Farm |
| 14:37 | Build | Farm |
| 14:45 | Build | Farm |
| 14:48 | Build | House |
| 15:01 | Create | Skirmisher |
| 15:02 | Create | Villager (Male) |
| 15:05 | Build | Farm |
| 15:21 | Create | Villager (Male) |
| 15:27 | Create | Skirmisher |
| 15:30 | Build | Farm |
| 15:32 | Create | Villager (Male) |
| 15:50 | Create | Villager (Male) |
| 15:52 | Build | Farm |
| 15:54 | Build | Farm |
| 16:26 | Build | Market |
| 16:49 | Create | Villager (Male) |
| 16:51 | Build | Farm |
| 16:59 | Create | Villager (Male) |
| 17:59 | Research | Castle Age |
| 18:21 | Build | Stable |
| 18:36 | Research | Scale Barding Armor |
| 18:51 | Build | Mining Camp |
| 18:56 | Research | Gold Mining |
| 19:18 | Research | Bloodlines |
| 19:21 | Build | Stable |
| 20:11 | Create | Villager (Male) |
| 20:12 | Research | Forging |
| 20:39 | Age | Castle Age |
| 20:41 | Create | Knight |
| 20:41 | Create | Knight |
| 21:00 | Build | Town Center |
| 21:03 | Create | Knight |
| 21:03 | Create | Knight |
| 21:04 | Create | Villager (Male) |
| 21:09 | Research | Bow Saw |
| 21:23 | Create | Villager (Male) |
| 21:29 | Create | Cavalry Archer |
| 21:36 | Create | Knight |
| 21:36 | Create | Knight |
| 21:37 | Create | Villager (Male) |
| 21:49 | Create | Villager (Male) |
| 22:07 | Create | Villager (Male) |
| 22:16 | Create | Villager (Male) |
| 22:20 | Create | Villager (Male) |
| 22:23 | Create | Knight |
| 22:23 | Create | Knight |
| 22:33 | Create | Villager (Male) |
| 22:35 | Create | Villager (Male) |
| 22:48 | Create | Villager (Male) |
| 22:54 | Build | Monastery |
| 22:57 | Create | Knight |
| 22:58 | Create | Knight |
| 23:18 | Create | Knight |
| 23:19 | Create | Knight |
| 23:32 | Create | Knight |
| 23:33 | Create | Villager (Male) |
| 23:36 | Build | Town Center |
| 23:44 | Create | Villager (Male) |
| 23:49 | Create | Villager (Male) |
| 23:49 | Create | Villager (Male) |
| 23:51 | Create | Monk |
| 24:01 | Create | Villager (Male) |
| 24:14 | Create | Villager (Male) |
| 24:18 | Create | Knight |
| 24:20 | Create | Villager (Male) |
| 24:39 | Create | Villager (Male) |
| 24:42 | Create | Knight |
| 24:49 | Build | House |
Build order — Orhan
First 150 of 391 actions detected
| 0:00 | Create | Villager (Male) |
| 0:01 | Create | Villager (Male) |
| 0:02 | Build | House |
| 0:03 | Build | House |
| 0:06 | Create | Villager (Male) |
| 0:07 | Create | Villager (Male) |
| 1:24 | Create | Villager (Male) |
| 1:50 | Build | Lumber Camp |
| 1:55 | Create | Villager (Male) |
| 2:31 | Create | Villager (Male) |
| 2:55 | Create | Villager (Male) |
| 2:56 | Create | Villager (Male) |
| 2:56 | Create | Villager (Male) |
| 3:30 | Build | House |
| 3:52 | Create | Villager (Male) |
| 3:52 | Create | Villager (Male) |
| 4:01 | Build | House |
| 4:02 | Build | House |
| 4:05 | Create | Villager (Male) |
| 4:11 | Create | Villager (Male) |
| 4:11 | Create | Villager (Male) |
| 4:49 | Create | Villager (Male) |
| 5:06 | Create | Villager (Male) |
| 5:06 | Create | Villager (Male) |
| 5:09 | Create | Villager (Male) |
| 5:10 | Create | Villager (Male) |
| 5:56 | Create | Villager (Male) |
| 6:04 | Build | Mill |
| 6:19 | Create | Villager (Male) |
| 6:20 | Research | Loom |
| 7:05 | Build | House |
| 7:09 | Build | Palisade Wall |
| 7:13 | Build | House |
| 7:15 | Research | Feudal Age |
| 7:22 | Build | Palisade Wall |
| 7:23 | Build | Palisade Wall |
| 7:48 | Build | Lumber Camp |
| 8:25 | Create | Villager (Male) |
| 8:58 | Build | Barracks |
| 9:25 | Age | Feudal Age |
| 9:27 | Create | Villager (Male) |
| 9:31 | Build | Farm |
| 9:38 | Build | Archery Range |
| 9:39 | Create | Villager (Male) |
| 9:53 | Create | Villager (Male) |
| 9:55 | Build | Farm |
| 9:58 | Build | Farm |
| 10:28 | Create | Villager (Male) |
| 10:30 | Create | Skirmisher |
| 10:32 | Build | Farm |
| 10:42 | Build | Farm |
| 10:45 | Build | Farm |
| 10:49 | Create | Skirmisher |
| 10:49 | Create | Villager (Male) |
| 10:58 | Research | Double-Bit Axe |
| 11:09 | Build | Farm |
| 11:25 | Create | Skirmisher |
| 11:34 | Create | Skirmisher |
| 11:42 | Build | Farm |
| 11:45 | Build | Farm |
| 11:45 | Create | Villager (Male) |
| 11:45 | Create | Villager (Male) |
| 11:49 | Build | Farm |
| 11:58 | Create | Villager (Male) |
| 12:03 | Create | Skirmisher |
| 12:20 | Create | Villager (Male) |
| 12:20 | Create | Villager (Male) |
| 12:32 | Create | Villager (Male) |
| 12:39 | Build | Town Center |
| 12:44 | Create | Skirmisher |
| 12:54 | Build | Farm |
| 12:58 | Create | Villager (Male) |
| 13:14 | Create | Skirmisher |
| 13:29 | Build | Blacksmith |
| 13:32 | Create | Villager (Male) |
| 13:42 | Create | Villager (Male) |
| 14:12 | Create | Villager (Male) |
| 14:21 | Create | Villager (Male) |
| 14:36 | Create | Villager (Male) |
| 14:36 | Create | Villager (Male) |
| 14:39 | Create | Villager (Male) |
| 14:44 | Build | House |
| 14:52 | Create | Spearman |
| 14:55 | Build | House |
| 15:02 | Build | Farm |
| 15:03 | Build | Farm |
| 15:08 | Build | Farm |
| 15:09 | Create | Villager (Male) |
| 15:10 | Build | Farm |
| 15:15 | Create | Villager (Male) |
| 15:19 | Create | Skirmisher |
| 15:28 | Build | House |
| 15:28 | Create | Villager (Male) |
| 15:30 | Build | House |
| 15:35 | Build | Farm |
| 15:46 | Create | Villager (Male) |
| 15:50 | Build | House |
| 15:50 | Create | Villager (Male) |
| 15:53 | Build | Farm |
| 15:55 | Build | House |
| 15:58 | Build | House |
| 15:59 | Create | Villager (Male) |
| 16:02 | Create | Villager (Male) |
| 16:07 | Research | Fletching |
| 16:16 | Create | Villager (Male) |
| 16:20 | Create | Villager (Male) |
| 16:22 | Build | House |
| 16:24 | Create | Villager (Male) |
| 16:25 | Create | Villager (Male) |
| 16:30 | Build | Farm |
| 16:35 | Create | Villager (Male) |
| 16:43 | Create | Villager (Male) |
| 16:46 | Create | Villager (Male) |
| 16:50 | Research | Wheelbarrow |
| 16:52 | Create | Villager (Male) |
| 16:54 | Build | House |
| 16:55 | Build | Palisade Wall |
| 16:56 | Create | Villager (Male) |
| 17:09 | Build | Mining Camp |
| 17:12 | Create | Skirmisher |
| 17:52 | Create | Villager (Male) |
| 17:56 | Create | Villager (Male) |
| 17:57 | Create | Villager (Male) |
| 17:59 | Create | Villager (Male) |
| 17:59 | Create | Villager (Male) |
| 18:02 | Create | Villager (Male) |
| 18:04 | Build | Market |
| 18:11 | Create | Villager (Male) |
| 18:23 | Create | Villager (Male) |
| 19:02 | Research | Castle Age |
| 19:02 | Research | Castle Age |
| 19:04 | Create | Villager (Male) |
| 19:10 | Create | Villager (Male) |
| 19:12 | Build | Stable |
| 19:19 | Create | Skirmisher |
| 19:26 | Create | Villager (Male) |
| 19:26 | Create | Villager (Male) |
| 19:30 | Build | Farm |
| 19:36 | Research | Fletching |
| 19:36 | Research | Fletching |
| 19:42 | Build | Farm |
| 19:53 | Build | Farm |
| 19:54 | Create | Villager (Male) |
| 20:04 | Build | Farm |
| 20:09 | Create | Scout Cavalry |
| 20:12 | Create | Villager (Male) |
| 20:21 | Create | Scout Cavalry |
| 20:27 | Research | Horse Collar |
| 20:29 | Create | Villager (Male) |
| 20:29 | Create | Villager (Male) |
Match timeline
| 4:01 | Gil-galad · first_building Barracks |
| 7:09 | Orhan · wall_segment Palisade Wall x1 |
| 7:22 | Orhan · wall_segment Palisade Wall x1 |
| 7:23 | Orhan · wall_segment Palisade Wall x1 |
| 8:58 | Orhan · first_building Barracks |
| 9:17 | Gil-galad · wall_segment Palisade Wall x8 |
| 9:25 | Orhan · age_up feudal |
| 9:38 | Orhan · first_building Archery Range |
| 10:30 | Gil-galad · age_up feudal |
| 11:03 | Gil-galad · first_building Archery Range |
| 16:55 | Orhan · wall_segment Palisade Wall x1 |
| 17:43 | Gil-galad · first_market_sell 500 wood |
| 17:46 | Gil-galad · first_market_buy 100 food |
| 18:21 | Gil-galad · first_building Stable |
| 18:57 | Orhan · first_market_sell 100 wood |
| 19:12 | Orhan · first_building Stable |
| 20:39 | Gil-galad · age_up castle |
| 21:08 | Orhan · wall_segment Palisade Wall x1 |
| 21:42 | Orhan · age_up castle |
| 22:54 | Gil-galad · first_building Monastery |
| 26:34 | Orhan · first_building Castle |
| 31:36 | Gil-galad · first_building Castle |
| 32:59 | Orhan · first_market_buy 100 stone |
| 33:38 | Orhan · age_up imperial |
| 34:04 | Gil-galad · resign |
[ AI ANALYSIS · 1 CREDIT ]
What really happened in this match?
Wolo.gg analyzes every decision: build order, eco, micro, common mistakes by bracket. Personalized analysis on WhatsApp or Discord in 30 seconds.
Civ guide
Japanese
Perfil
Gil-galad